 Dungeon Crawl Stone Soup version 0.17-a0-1838-g891d947 (webtiles) character file.

516 ololoev the Conjurer (level 7, 50/50 HPs)
             Began as a Yellow Draconian Conjurer on Sept 15, 2015.
             Quit the game on level 4 of the Dungeon.
             The game lasted 00:09:58 (4007 turns).

ololoev the Conjurer (Yellow Draconian Conjurer)    Turns: 4007, Time: 00:09:59

Health: 50/50      AC:  7    Str: 11    XL:     7   Next: 0%
Magic:  8/13       EV: 14    Int: 17    God:
Gold:   202        SH:  0    Dex: 11    Spells: 3 memorised, 6 levels left

rFire  . . .     SeeInvis .     s - staff of conjuration
rCold  . . .     Clarity  .     (armour unavailable)
rNeg   . . .     SustAt   .     (no shield)
rPois  .         Gourm    +     (helmet restricted)
rElec  .         Spirit   .     (no cloak)
rCorr  +         Warding  .     d - +0 pair of gloves
rMut   .         Stasis   .     (no boots)
MR     .....                    q - amulet of the gourmand
Stlth  ++........               (no ring)
                                x - +2 ring of evasion

@: not resistant to hostile enchantments, unstealthy
A: spit acid, acid resistance, unfitting armour, cold-blooded, AC +6
a: Spit Acid


Innate Abilities, Weirdness & Mutations

You can spit globs of acid.
You are resistant to acid.
Your golden yellow scales are hard (AC +6).
Your body does not fit into most forms of armour.
You are cold-blooded and may be slowed by cold attacks.

Inventory:

Armour
 d - a +0 pair of gloves (worn)
 y - a +0 buckler
Magical staves
 s - an uncursed staff of conjuration (weapon)
Jewellery
 q - an amulet of the gourmand (around neck)
 x - a +2 ring of evasion (left hand)
Scrolls
 e - 2 scrolls of identify {unknown}
 h - a scroll of amnesia {unknown}
 i - 2 scrolls of teleportation {unknown}
 l - 2 scrolls of enchant weapon {unknown}
 n - 2 scrolls of remove curse {unknown}
 o - 2 scrolls of noise {unknown}
 p - a scroll of recharging {unknown}
Potions
 f - 2 potions of haste {unknown}
 g - 2 potions of agility {unknown}
 j - a potion of degeneration {unknown}
 m - a potion of ambrosia {unknown}
 t - a potion of berserk rage {unknown}
 v - a potion of mutation {unknown}
 z - a potion of poison {unknown}
 A - a potion of lignification {unknown}
 B - a potion of might {unknown}
Books
 a - a book of Conjurations

   Spells                             Type                      Level
   a - Magic Dart                     Conjuration                  1
   b - Searing Ray                    Conjuration                  2
   c - Dazzling Spray                 Conjuration/Hexes            3
   d - Fulminant Prism                Conjuration/Hexes            4
   e - Iskenderun's Mystic Blast      Conjuration                  4
   f - Iskenderun's Battlesphere      Conjuration/Charms           5
Comestibles
 b - 2 bread rations
 c - 4 fruits
 k - a slice of pizza
 r - 2 meat rations
 u - 2 beef jerkies


   Skills:
 - Level 1.7 Dodging
 - Level 1.7 Stealth
 + Level 4.2 Spellcasting
 * Level 7.3 Conjurations


You had 6 spell levels left.
You knew the following spells:

 Your Spells              Type           Power        Failure   Level  Hunger
a - Magic Dart            Conj           ####         1%          1    None
b - Searing Ray           Conj           #####.       1%          2    ##.....
c - Iskenderun's Battles  Conj/Chrm      ###.....     89%         5    ######.


You were on level 4 of the Dungeon.
You were completely stuffed.

You visited 1 branch of the dungeon, and saw 4 of its levels.

You collected 202 gold pieces.

.#.##.[##.###.......##.
...###......#.........
..## #[...#.........#
..# ##..##.........# ..
####..###........#
#.......#.#..#
#..........>.#
#....(...#.#.##
#......#.#.#.@###
#.............#.##
#................#
####................#
....................#
#################...#
#...# ##.## ###

Notes
Turn   | Place    | Note
--------------------------------------------------------------
     0 | D:1      | ololoev the Draconian Conjurer began the quest for the Orb.
     0 | D:1      | Reached XP level 1. HP: 14/14 MP: 3/3
   348 | D:1      | Reached XP level 2. HP: 20/20 MP: 5/5
   352 | D:1      | Learned a level 2 spell: Searing Ray
  1098 | D:1      | Reached XP level 3. HP: 26/26 MP: 1/6
  1435 | D:2      | Found a sacrificial altar of Ru.
  1631 | D:2      | Reached skill level 5 in Conjurations
  1700 | D:2      | Found an ancient bone altar of Kikubaaqudgha.
  1705 | D:2      | Reached XP level 4. HP: 31/33 MP: 1/8
  1921 | D:2      | Found a white marble altar of Elyvilon.
  2040 | D:2      | Reached XP level 5. HP: 38/38 MP: 4/9
  2196 | D:3      | Learned a level 5 spell: Iskenderun's Battlesphere
  2228 | D:3      | Reached skill level 6 in Conjurations
  2292 | D:3      | Found a shadowy altar of Dithmenos.
  2460 | D:3      | Found a glowing golden altar of the Shining One.
  3131 | D:4      | Noticed an ogre
  3141 | D:4      | Killed an ogre
  3141 | D:4      | Reached XP level 6. HP: 45/45 MP: 5/11
  3630 | D:4      | Reached skill level 7 in Conjurations
  3981 | D:4      | Your scales start taking on a golden yellow colour.
  3981 | D:4      | Reached XP level 7. HP: 50/50 MP: 5/13
  4007 | D:4      | Quit the game

Dungeon Overview and Level Annotations

Branches:
Dungeon (4/15)
 Temple: D:4-7

Altars:
Dithmenos
Elyvilon
Kikubaaqudgha
Ru
The Shining One


Message History

Found a beef jerky.
Things that are here:
a falchion; a leather armour There isn't anything to butcher here.
u - 2 beef jerkies (gained 1)
A worker ant and 2 skeletons come into view.
The giant frog skeleton moves out of view.
The centaur skeleton moves out of view.
Casting: Searing Ray
Confirm with . or Enter, or press ? or * to list all spells.
Aiming: Searing Ray
Press: ? - help, Shift-Dir - straight line, f - centaur skeleton
Aim: a centaur skeleton You feel a surge of power!
The searing ray hits the centaur skeleton.
The centaur skeleton closely misses you.
The searing ray hits the centaur skeleton.
The centaur skeleton closely misses you.
The centaur skeleton barely misses you.
The searing ray hits the centaur skeleton.
The centaur skeleton closely misses you.
The searing ray hits the centaur skeleton.
You destroy the centaur skeleton!
The searing ray hits the giant frog skeleton.
Casting: Searing Ray
Confirm with . or Enter, or press ? or * to list all spells.
Aiming: Searing Ray
Press: ? - help, Shift-Dir - straight line, f - giant frog skeleton
Aim: a giant frog skeleton You feel a surge of power!
The searing ray hits the giant frog skeleton.
The giant frog skeleton misses you.
The giant frog skeleton hits you but does no damage.
The searing ray hits the giant frog skeleton.
You destroy the giant frog skeleton!
You have reached level 7!
Your scales start taking on a golden yellow colour.
You start resting.
All of the chunks of flesh in your inventory have rotted away.
Are you sure you want to abandon this character and quit the game? (Confirm with "yes".)

There were no monsters in sight!

Vanquished Creatures
  An ogre (D:4)
  A scorpion (D:3)
  2 vampire bats (D:2)
  2 orc priests (D:4)
  A centaur skeleton (D:4)
  A giant frog skeleton (D:4)
  2 worker ants (D:4)
  4 adders
  2 oozes
  4 worms
  3 giant geckos
  8 orcs
  3 bat skeletons (D:2)
  3 bat zombies (D:2)
  10 hobgoblins
  6 kobolds
  8 bats
  A giant cockroach (D:2)
  2 giant newts (D:1)
  7 goblins
  12 jackals
  A quokka (D:2)
  A quokka skeleton (D:4)
  6 rats
91 creatures vanquished.

Action                   |  1- 3 |  4- 6 |  7- 9 || total
-------------------------+-------+-------+-------++-------
Melee: Short sword       |    54 |     1 |       ||    55
       Unarmed           |     5 |       |       ||     5
       Staff             |       |     3 |       ||     3
 Cast: Magic Dart        |    34 |    68 |       ||   102
       Searing Ray       |     6 |    18 |       ||    24
  Eat: Chunk             |     3 |    19 |       ||    22

Vault maps used:
D:1:      evilmike_arrival_run_for_it
D:2:      old_standard_altar, overflow_temple_1_default,
          kennysheep_vampire_church, minmay_cupped
D:3:      tso_metal_star, old_standard_altar
D:4:      first_bread, st_stairs_13, cheibrodos_gnoll_hut
